 Dungeon Crawl Stone Soup version 0.29-a0-384-g6960b1960d (webtiles) character file.

Game seed: 9792243937142366070

706 Bruhh the Ogre Mage (level 7, -1/88 HPs)
             Began as an Ogre Earth Elementalist on May 7, 2022.
             Was an Initiate of Vehumet.
             Slain by a hornet (9 damage)
             ... on level 7 of the Dungeon.
             The game lasted 00:10:51 (8781 turns).

Bruhh the Ogre Mage (Ogre Earth Elementalist)       Turns: 8781, Time: 00:10:52

Health: -1/88      AC: 23    Str: 12 (13) XL:     7   Next: 67%
Magic:  12/14      EV:  1    Int: 16 (18) God:    Vehumet [......]
Gold:   280        SH:  0    Dex:  8 (9)  Spells: 9/16 levels left

rFire   . . .      SeeInvis .   j - +0 club
rCold   . . .      Faith    .   (no shield)
rNeg    . . .      Spirit   .   (body armour currently unavailable)
rPois   +          Reflect  .   (helmet currently unavailable)
rElec   .          Harm     .   (cloak currently unavailable)
rCorr   .          Rampage  .   (gloves unavailable)
Will    .....      NoTele   +   (boots unavailable)
Stlth   +.........              (no amulet)
HPRegen 0.24/turn               (no ring)
MPRegen 0.14/turn               (no ring)

@: lethally poisoned (-1 -> -3), tree-form, hasted and slowed
A: stationary, stasis, torment immunity, boosted hp, large, unfitting armour,
(tough skin 1)
a: Renounce Religion


You were on level 7 of the Dungeon.
You worshipped Vehumet.
Vehumet was noncommittal.
You were a tree.
You visited 2 branches of the dungeon, and saw 8 of its levels.

You collected 280 gold pieces.

Inventory:

Hand Weapons
 i - a +1 vampiric dagger
 j - a +0 club (weapon)
Missiles
 a - 54 stones
 z - 5 poisoned darts
Armour
 b - a +0 robe (melded)
Wands
 s - a wand of polymorph (9)
 v - a wand of charming (4)
Scrolls
 c - 7 scrolls of teleportation {unknown}
 d - 2 scrolls of vulnerability {unknown}
 g - 2 scrolls of torment {unknown}
 h - 6 scrolls of identify {unknown}
 k - 3 scrolls of immolation {unknown}
 m - 5 scrolls of fog {unknown}
 n - 2 scrolls of noise {unknown}
 o - a scroll of brand weapon {unknown}
 p - a scroll of amnesia {unknown}
 r - 2 scrolls of blinking {unknown}
 w - a scroll of magic mapping {unknown}
 y - a scroll of acquirement {unknown}
Potions
 q - a potion of berserk rage {unknown}
 u - a potion of might {unknown}


   Skills:
 - Level 1.7 Dodging
 - Level 1.4 Stealth
 - Level 5.0 Spellcasting
 - Level 4.0 Conjurations
 - Level 0.8 Transmutations
 + Level 3.7 Ice Magic
 - Level 4.0 Earth Magic


You had 9 spell levels left.
You knew the following spells:

 Your Spells              Type           Power      Damage    Failure   Level
a - Sandblast             Erth           32%        2d9       3%          1
b - Stone Arrow           Conj/Erth      32%        3d9       9%          3
c - Frozen Ramparts       Ice            30%        1d5       10%         3

Your spell library contained the following spells:

 Spells                   Type           Power      Damage    Failure   Level
 Passwall                 Tmut/Erth      9%         N/A       9%          2
 Static Discharge         Conj/Air       10%        N/A       10%         2
 Beastly Appendage        Tmut           12%        N/A       11%         1
 Wereblood                Tmut           6%         N/A       16%         2
 Spider Form              Tmut/Pois      5%         N/A       36%         3
 Petrify                  Tmut/Erth      11%        N/A       50%         4
 Ice Form                 Ice/Tmut       11%        N/A       52%         4
 Sticky Flame             Conj/Fire      10%        2d3       54%         4
 Summon Ice Beast         Ice/Summ       9%         N/A       56%         4
 Dispel Undead            Necr           4%         3d7       83%         4


Dungeon Overview and Level Annotations

Branches:
Dungeon (7/15)             Temple (1/1) D:5

Altars:
Ashenzari
Cheibriados
Elyvilon
Fedhas
Gozag
Hepliaklqana
Kikubaaqudgha
Makhleb
Nemelex Xobeh
Ru
Sif Muna
Uskayaw
Vehumet
Wu Jian
Xom
Yredelemnul
Zin
The Shining One

Shops:
D:1 :   D:4 =   D:6 !


Innate Abilities, Weirdness & Mutations

You are a tree.
Your roots penetrate the ground, keeping you stationary.
You cannot be teleported.
You are immune to unholy pain and torment.
Your maximum health is greatly increased.
Your equipment is partially melded.
You are too large for most types of armour.
((You have tough skin. (AC +1)))


Message History

You feel very sick. The hornet stings you!
* * * LOW HITPOINT WARNING * * *
You feel as though you will be slow longer.
The hornet stings you.
* * * LOW HITPOINT WARNING * * *
You feel as though you will be slow longer.
It was a potion of degeneration.
There was something very wrong with that liquid.
You feel weakened.
You feel dopey.
You feel clumsy.
You feel sick.
The hornet stings you but does no damage. x2
It was a potion of haste.
You feel yourself speed up.
You feel less invigorated.
You feel less confused.
You feel sick.
The hornet stings you but does no damage.
The hornet stings you!
* * * LOW HITPOINT WARNING * * *
The hornet stings you but does no damage.
Okay, then.
Casting: Sandblast (safe; 3% risk of failure)
Confirm with . or Enter, or press ? or * to list all spells.
Aiming: Sandblast (safe; 3% risk of failure)
Press: ? - help, Shift-Dir - straight line, f - hornet
Aim: a hornet (69% to hit)
The blast of sand hits the hornet but does no damage.
You feel sick. The hornet stings you.
* * * LOW HITPOINT WARNING * * *
Unknown command.
Casting: Sandblast (safe; 3% risk of failure)
Confirm with . or Enter, or press ? or * to list all spells.
Aiming: Sandblast (safe; 3% risk of failure)
Press: ? - help, Shift-Dir - straight line, f/p - hornet
Aim: a hornet (69% to hit)
The blast of sand hits the hornet but does no damage.
You feel sick.
The hornet stings you but does no damage.
The hornet stings you!
You die...

#_).....#
.#.!.....#
.........#
.........
8.8.8.#
....#
#..#####
#..y)..#
#.♣###.#
#..# #<.#
##.# ..#
#.# ###


You could see a hornet.

Vanquished Creatures
  A centaur (D:7)
  A bullfrog (D:7)
  2 bullfrog zombies (D:5)
  3 hounds
  Natasha (thrice) (D:2)
  3 iguanas
  2 orc wizards (D:4)
  5 adders
  7 gnolls
  A white imp (D:5)
  3 dart slugs
  10 orcs
  5 endoplasms
  3 giant cockroaches
  8 goblins
  8 hobgoblins
  3 quokkas (D:1)
  A ball python (D:2)
  4 bats
  2 frilled lizards
  13 kobolds
  5 rats
93 creatures vanquished.

Vanquished Creatures (others)
  14 plants (D:2)
14 creatures vanquished.

Grand Total: 107 creatures vanquished

Notes
Turn   | Place    | Note
-------+----------+-------------------------------------------
     0 | D:1      | Bruhh the Ogre Earth Elementalist began the quest for the
                  | Orb.
     0 | D:1      | Reached XP level 1. HP: 16/16 MP: 3/3
    79 | D:1      | Reached skill level 3 in Spellcasting
    94 | D:1      | Reached XP level 2. HP: 19/24 MP: 1/6
   506 | D:1      | Found a faded altar of an unknown god.
   652 | D:1      | Found Heatteudio's Book Shoppe.
   805 | D:1      | Reached XP level 3. HP: 25/31 MP: 4/8
  1151 | D:2      | Reached skill level 4 in Spellcasting
  2072 | D:3      | Found a faded altar of an unknown god.
  2076 | D:3      | Found a snail-covered altar of Cheibriados.
  2947 | D:3      | Reached XP level 4. HP: 36/39 MP: 10/10
  2987 | D:3      | HP: 1/39 [orc/+0 whip (4)]
  3715 | D:2      | Reached skill level 5 in Spellcasting
  3719 | D:2      | Learned a level 3 spell: Stone Arrow
  5072 | D:2      | Noticed Natasha
  5085 | D:2      | Killed Natasha
  5086 | D:2      | Reached skill level 1 in Conjurations
  5086 | D:2      | Reached XP level 5. HP: 24/45 MP: 10/12
  5268 | D:2      | Noticed Natasha
  5272 | D:2      | Killed Natasha
  5312 | D:2      | Noticed Natasha
  5330 | D:2      | HP: 2/45 [Natasha/magic dart (9)]
  6054 | D:2      | Killed Natasha
  6726 | D:4      | Reached XP level 6. HP: 44/53 MP: 8/13
  6948 | D:4      | Found Evoogu's Jewellery Shoppe.
  7455 | D:5      | Entered Level 5 of the Dungeon
  7460 | D:5      | Learned a level 3 spell: Frozen Ramparts
  7581 | D:5      | Found a staircase to the Ecumenical Temple.
  7640 | Temple   | Entered the Ecumenical Temple
  7716 | Temple   | Became a worshipper of Vehumet
  7818 | D:5      | Reached skill level 1 in Ice Magic
  8155 | D:5      | Reached XP level 7. HP: 59/59 MP: 4/14
  8250 | D:5      | Found a basalt altar of Yredelemnul.
  8554 | D:6      | Found Xotzuyr's Distillery.
  8766 | D:7      | Found a hide-covered altar of Uskayaw.
  8773 | D:7      | Noticed a hornet
  8781 | D:7      | Slain by a hornet

Illustrated notes

Levels and vault maps discovered:
D:1:      lightli_arrival_chessboard, layout_basic, serial_shops,
          nicolae_shop_advertising_works [nicolae_subvault_shop_adworks],
          dreamdust_ecumenical_altar_grove, minivault_11
D:2:      layout_basic, chequers_big_river, minmay_tromino_v4_a, uniq_natasha
D:3:      layout_basic, nicolae_overflow_ecumenical_swirl,
          minmay_strange_pillars
D:4:      layout_rooms, serial_shops, nicolae_lakefront_shop, nrook_campfire,
          mrwooster_statue_mirror
D:5:      layout_rooms, lemuel_zombie_altar_yredelemnul, temple_hall,
          ebering_dispersal_statue_hall
D:6:      layout_rooms, serial_shops, nicolae_diamond_shop
D:7:      layout_basic, trog_butcher_becter, eat_drink_and_be_merry_uskayaw
Temple:   eino_narrow_crystal_temple

Skill      XL: |  1  2  3  4  5  6  7 |
---------------+----------------------+-----
Spellcasting   | 3 4 5 |  5.0
Earth Magic    | 3 4 |  4.0
Conjurations   | 1 2 3 4 |  4.0
Ice Magic      | 1 3 |  3.7
Dodging        | |  1.7
Stealth        | |  1.4
Transmutations | |  0.8

Action                   |  1- 3 |  4- 6 |  7- 9 || total
-------------------------+-------+-------+-------++-------
Melee: Unarmed           |     2 |     8 |       ||    10
       Dagger            |    52 |       |       ||    52
       Club              |    49 |   121 |       ||   170
       Punch             |       |     3 |       ||     3
 Cast: Sandblast         |    34 |    47 |    15 ||    96
       Stone Arrow       |       |    22 |     7 ||    29
  Use: Potion            |     1 |     2 |     5 ||     8
 Stab: Sleeping          |     1 |     2 |       ||     3
Armor: Robe              |    53 |    45 |     1 ||    99
       Skin              |       |       |     5 ||     5
Dodge: Dodged            |    89 |    90 |     4 ||   183

Table legend: (Time is in decaauts)
 A = Elapsed time spent in this place.
 B = Non-inter-level travel time spent in this place.
 C = Inter-level travel time spent in this place.
 D = Time resting spent in this place.
 E = Time spent auto-exploring this place.
 F = Levels seen in this place.
 G = Mean time per level.
                   A        B        C        D        E       F      G
               +--------+--------+--------+--------+--------+-----+--------+
         Total |   8868 |   8665 |    203 |   1591 |   5972 |   8 | 1108.5 |
       Dungeon |   8783 |   8590 |    193 |   1591 |   5907 |   7 | 1254.7 |
        Temple |     84 |     74 |     10 |      0 |     65 |   1 |   84.0 |
               +--------+--------+--------+--------+--------+-----+--------+

Top non-repeatable levels by time:
     D:1: 3056 daAuts
     D:2: 1751 daAuts
     D:3: 1637 daAuts
     D:4: 1096 daAuts
     D:5: 739 daAuts
     D:6: 483 daAuts
  Temple: 84 daAuts
     D:7: 19 daAuts
